 Dungeon Crawl Stone Soup version 0.31-a0-473-g61b50ae (webtiles) character file.

Game seed: 10322064967010369821

205 Dorkslayer the Covered (level 5, -1/33 HPs)
             Began as a Gargoyle Fighter on Aug 6, 2023.
             Slain by an orc
             ... wielding a +0 hand axe
              (5 damage)
             ... on level 4 of the Dungeon.
             The game lasted 00:06:06 (2908 turns).

Dorkslayer the Covered (Gargoyle Fighter)           Turns: 2908, Time: 00:06:07

Health: -1/33      AC: 13    Str: 22    XL:     5   Next: 83%
Magic:  5/5        EV:  8    Int:  8    God:
Gold:   73         SH:  4    Dex:  9    Spells: 4/4 levels left

rFire   . . .        a - +0 war axe
rCold   . . .        c - +0 buckler
rNeg    + . .        e - +0 chain mail
rPois   ∞            (no helmet)
rElec   +            (no cloak)
rCorr   .            (no gloves)
SInv    .            (no boots)
Will    .....        (no amulet) Stlth
                     (no ring)
HPRegen 0.25/turn    (no ring)
MPRegen 0.09/turn

%: no passive effects
@: mighty, about to teleport
A: sickness immunity, AC +4, negative energy resistance 1, electricity
resistance, torment resistance 1, petrification resistance
a: no special abilities


You were on level 4 of the Dungeon.
You visited 1 branch of the dungeon, and saw 4 of its levels.

You collected 73 gold pieces.

Inventory:

Hand Weapons
 a - a +0 war axe (weapon)
Armour
 c - a +0 buckler (worn)
 e - a +0 chain mail (worn)
Wands
 n - a wand of flame (6)
Scrolls
 b - a scroll of amnesia {unknown}
 f - a scroll of teleportation
 h - 2 scrolls of identify {unknown}
 i - a scroll of enchant weapon {unknown}
 j - a scroll of poison {unknown}
 o - a scroll of brand weapon {unknown}
Potions
 g - a potion of lignification {unknown}
 k - a potion of ambrosia {unknown}
 l - a potion of attraction {unknown}
 m - a potion of brilliance {unknown}


   Skills:
 + Level 3.9 Fighting
 + Level 3.0 Axes
 + Level 4.6 Armour
 * Level 1.5 Dodging
 + Level 3.9 Shields
 * Level 0.8 Evocations


You had 4 spell levels left.
You didn't know any spells.
Your spell library contained the following spells:

 Spells                   Type           Power      Damage    Failure   Level
 Magic Dart               Conj           0%         1d3       97%         1
 Call Imp                 Summ           0%         N/A       99%         2
 Scorch                   Fire           0%         2d5       99%         2
 Searing Ray              Conj           0%         2d4       99%         2
 Wereblood                Tmut           0%         N/A       99%         2
 Dazzling Flash           Conj/Hex       0%         N/A       100%        3
 Gell's Gravitas          Tloc           0%         N/A       100%        3
 Mephitic Cloud           Conj/Pois/Air  0%         N/A       100%        3
 Teleport Other           Tloc           0%         N/A       100%        3
 Volatile Blastmotes      Fire/Tloc      0%         2d10      100%        3
 Flame Wave               Conj/Fire      0%         2d4       100%        4
 Fulminant Prism          Conj/Hex       0%         3d5       100%        4
 Irradiate                Conj/Tmut      0%         3d11      100%        5
 Dispersal                Tloc           0%         N/A       100%        6
 Starburst                Conj/Fire      0%         6d3       100%        6
 Summon Cactus Giant      Summ           0%         N/A       100%        6
 Maxwell's Capacitive Co  Air            0%         ∞         100%        8


Dungeon Overview and Level Annotations

Branches:
Dungeon (4/15)
 Temple: D:4-7

Altars:
Kikubaaqudgha

Portals:
Sewer: D:4


Innate Abilities, Weirdness & Mutations

You are immune to sickness and miasma.
Your stone body is resilient. (AC +4)
You are immune to poison.
You resist negative energy. (rN+)
You are resistant to electric shocks. (rElec)
You are resistant to unholy torment.
You are immune to petrification.


Message History

a +0 club; a goblin corpse You closely miss the bat.
The bat barely misses you. The bat hits you but does no damage.
You barely miss the bat. The bat hits you but does no damage.
You block the bat's attack. The bat closely misses you.
You hit the bat but do no damage. The bat hits you but does no damage. x3
An orc priest comes into view. It is wielding a +0 short sword.
The orc priest shouts!
You hit the bat.
You kill the bat!
You hear a shout! x4
You closely miss the orc. The orc hits you but does no damage.
You hit the orc but do no damage. The orc hits you with a +0 hand axe.
The orc priest invokes the aid of Beogh against you.
Beogh smites you!
An orc comes into view. It is wielding a +0 hand axe.
The orc hits you but does no damage.
The orc shouts!
Unknown command.
Okay, then.
You feel very mighty all of a sudden.
You hear a shout!
An orc comes into view.
It is wielding a +0 vampiric short sword.
The orc priest invokes the aid of Beogh against you.
Beogh smites you!
* * * LOW HITPOINT WARNING * * *
An orc comes into view. It is wielding a +0 club.
The orc barely misses you. The orc hits you but does no damage.
As you read the scroll labelled LOERRO KEGUOH, it crumbles to dust.
You feel strangely unstable.
It was a scroll of teleportation.
An orc comes into view. It is wielding a +0 dagger.
The orc closely misses you. You block the orc's attack.
You closely miss the orc.
The orc shouts!
You hit the orc.
You hear a shout!
You block the orc's attack.
An orc comes into view. It is wielding a +0 mace.
The orc hits you with a +0 hand axe.
You die...

### #.. .#. ###.#
##g#. . ..o# #... ≈≈~
#~.# ...# ..
~~≈≈##..# #..# ....
~...~o.o### #..# ..#
....~~.hoS###..##..#
.∩..~~..#wo@oo.....##
..[.≈~..#####........
..S.~≈~.# #...#o##.
~.~≈##..# #...#
~.h~##.>#####.†.# ...
............# #.
............#
######.#.### #.#.#


You could see a worm, a hound, an orc priest, 6 orcs and a ball python.

Vanquished Creatures
  The ghost of Dega the Shooter, an amateur SpHu (D:3)
  A jelly (D:4)
  3 adders
  A worm (D:2)
  A dart slug (D:1)
  2 orcs (D:3)
  8 ball pythons
  4 endoplasms
  2 giant cockroaches
  5 goblins
  4 hobgoblins
  13 jackals
  7 kobolds
  4 quokkas
  8 bats
  3 frilled lizards (D:1)
  6 rats
73 creatures vanquished.

Notes
Turn   | Place    | Note
-------+----------+-------------------------------------------
     0 | D:1      | Dorkslayer the Gargoyle Fighter began the quest for the
                  | Orb.
     0 | D:1      | Reached XP level 1. HP: 14/14 MP: 1/1
    70 | D:1      | Reached XP level 2. HP: 19/19 MP: 2/2
   226 | D:1      | Reached XP level 3. HP: 22/23 MP: 3/3
  1398 | D:2      | Reached XP level 4. HP: 29/29 MP: 4/4
  1670 | D:2      | Reached skill level 1 in Dodging
  1694 | D:2      | Found an ancient bone altar of Kikubaaqudgha.
  2110 | D:3      | Found a runed translucent door.
  2196 | D:3      | Found an ancient bone altar of Kikubaaqudgha.
  2245 | D:3      | Reached skill level 4 in Armour
  2431 | D:3      | Noticed Dega's ghost (amateur SpHu)
  2468 | D:3      | Killed Dega's ghost
  2469 | D:3      | Reached XP level 5. HP: 20/33 MP: 5/5
  2892 | D:4      | Found a glowing drain.
  2908 | D:4      | Slain by an orc

Illustrated notes

Levels and vault maps discovered:
D:1:      psy_arrival_radial02, layout_basic
D:2:      layout_basic, basic_altar, nrook_loot_triangle
D:3:      layout_basic, mainiacjoe_overflow_boulevard,
          ebering_ghost_reflecting_pool, serial_bayou_pond_d
D:4:      layout_loops_ring, temple_fountains, cheibrodos_sewer_entry_sluice

Skill      XL: |  1  2  3  4  5 |
---------------+----------------+-----
Axes           | 2 3 |  3.0
Dodging        | 1 |  1.5
Armour         | 4 |  4.6
Fighting       | |  3.9
Shields        | |  3.9
Evocations     | |  0.8

Action                     |  1- 3 |  4- 6 || total
---------------------------+-------+-------++-------
  Melee: War axe           |   135 |   110 ||   245
  Evoke: Wand              |       |    13 ||    13
    Use: Potion            |       |     3 ||     3
         Scroll            |       |     1 ||     1
 Armour: Scale mail        |   105 |    55 ||   160
         Chain mail        |       |    36 ||    36
  Dodge: Dodged            |    85 |    82 ||   167
  Block: Buckler           |    46 |    37 ||    83

Table legend: (Time is in decaauts)
 A = Elapsed time spent in this place.
 B = Non-inter-level travel time spent in this place.
 C = Inter-level travel time spent in this place.
 D = Time resting spent in this place.
 E = Time spent auto-exploring this place.
 F = Levels seen in this place.
 G = Mean time per level.
                   A        B        C        D        E       F      G
               +--------+--------+--------+--------+--------+-----+--------+
         Total |   3033 |   3033 |      0 |      0 |   1728 |   4 |  758.2 |
       Dungeon |   3033 |   3033 |      0 |      0 |   1728 |   4 |  758.2 |
               +--------+--------+--------+--------+--------+-----+--------+

Top non-repeatable levels by time:
     D:1: 1232 daAuts
     D:3: 960 daAuts
     D:2: 793 daAuts
     D:4: 46 daAuts
